 Dungeon Crawl Stone Soup version 0.31-a0-1603-gbec6b6ccbf (webtiles) character file.

Game seed: 15420767128638641309

9579 jasper the Skirmisher (level 11, 0/58 HPs)
             Began as a Spriggan Shapeshifter on Jan 7, 2024.
             Was a High Priest of Okawaru.
             Killed by divine providence
             ... invoked by an orc priest
              (16 damage)
             ... on level 10 of the Dungeon.
             The game lasted 00:16:32 (8691 turns).

jasper the Skirmisher (Spriggan Shapeshifter)       Turns: 8691, Time: 00:16:33

Health: 0/58       AC: 11    Str: 10    XL:     11   Next: 24%
Magic:  15/15      EV: 24    Int: 13    God:    Okawaru [*****.]
Gold:   325        SH:  0    Dex: 18    Spells: 10/10 levels left

rFire   . . .        o - +0 orcbow
rCold   . . .        (shield currently unavailable)
rNeg    . . .        z - +2 steam dragon scales
rPois   .            (helmet currently unavailable)
rElec   .            (cloak currently unavailable)
rCorr   .            (gloves unavailable)
SInv    +            (boots unavailable)
Will    +....        (no amulet)
Stlth   ++++         f - +4 ring of protection
HPRegen 0.29/turn    (no ring)
MPRegen 0.14/turn

%: no passive effects
@: beast-form, very quick
A: beast (slay +4), very small, no large weapons, unfitting armour, see
invisible, speed 3
a: Begin Untransformation, Renounce Religion, Heroism, Finesse, Duel


You were on level 10 of the Dungeon.
You worshipped Okawaru.
Okawaru was extremely pleased with you.
You were a hulking beast.
You visited 3 branches of the dungeon, and saw 12 of its levels.

You collected 500 gold pieces.
You spent 175 gold pieces at shops.

Inventory:

Hand Weapons
 n - a +1 sling of chaos
 o - a +0 orcbow (weapon)
Missiles
 m - 63 stones
Armour
 a - a +0 animal skin
 h - a +2 buckler
 z - +2 steam dragon scales (worn)
 B - a +0 cloak
Jewellery
 f - a +4 ring of protection (left hand)
 t - a ring of wizardry
Talismans
 c - a beast talisman
 d - a flux talisman
Wands
 b - a wand of mindburst (9)
 e - a wand of roots (16)
 y - a wand of light (15)
Scrolls
 l - 5 scrolls of teleportation
 q - 3 scrolls of blinking
 u - a scroll of immolation
 w - 3 scrolls of fear
 x - 2 scrolls of identify
 A - a scroll of amnesia
 C - a scroll of enchant weapon
Potions
 g - 10 potions of curing
 i - 2 potions of haste
 j - 4 potions of enlightenment
 k - 2 potions of might
 p - 2 potions of brilliance
 r - a potion of invisibility
 s - 2 potions of heal wounds
 v - a potion of degeneration {unknown}


   Skills:
 + Level 6.4 Fighting
 * Level 10.9 Ranged Weapons
 + Level 10.4 Dodging
 - Level 8.0 Stealth
 - Level 2.4 Unarmed Combat
 + Level 5.1 Invocations
 - Level 7.0 Shapeshifting


You had 10 spell levels left.
You didn't know any spells.
Your spell library contained the following spells:

 Spells                   Type           Power      Damage    Failure   Level
 Apportation              Tloc           0%         N/A       30%         1
 Necrotise                Necr           0%         1d4       30%         1
 Jinxbite                 Hex            0%         N/A       43%         2
 Sublimation of Blood     Necr           0%         N/A       43%         2
 Dazzling Flash           Conj/Hex       0%         N/A       67%         3
 Frozen Ramparts          Ice            0%         1d1       67%         3
 Mephitic Cloud           Conj/Alch/Air  0%         N/A       67%         3
 Vampiric Draining        Necr           0%         2d6       67%         3
 Vhi's Electric Charge    Tloc/Air       0%         N/A       97%         4
 Alistair's Intoxication  Alch           0%         N/A       100%        5
 Arcjolt                  Conj/Air       0%         1d10      100%        5
 Curse of Agony           Necr           0%         N/A       100%        5
 Silence                  Hex/Air        0%         N/A       100%        5
 Plasma Beam              Fire/Air       0%         2x1d10    100%        6
 Discord                  Hex            0%         N/A       100%        8
 Call Imp                 Summ           Unusable   N/A       N/A         2
 Martyr's Knell           Necr/Summ      Unusable   N/A       N/A         4
 Summon Hydra             Summ           Unusable   N/A       N/A         7

Dungeon Overview and Level Annotations

Branches:
Dungeon (10/15)            Temple (1/1) D:4            Lair (1/5) D:8
    Orc: D:9-12

Altars:
Ashenzari
Cheibriados
Dithmenos
Elyvilon
Fedhas
Gozag
Hepliaklqana
Kikubaaqudgha
Makhleb
Nemelex Xobeh
Okawaru
Qazlal
Ru
Sif Muna
Trog
Uskayaw
Vehumet
Xom
Yredelemnul
Zin
The Shining One

Shops:
D:3 ?   D:4 (::   D:9 :

Annotations:
D:6 exclusion: wraith


Innate Abilities, Weirdness & Mutations

You are a hulking beast.
Your limbs bulge with bestial killing power. (Slay +4)
You are very small and have problems with some larger weapons.
You are too small for most types of armour.
You have supernaturally acute eyesight. (SInv)
You cover ground extremely quickly. (Speed+++)


Message History

The orc priest mumbles some strange prayers to Beogh against you.
You easily resist.
Fire: o) +0 orcbow
Press: ? - help, Q - select action, (/) - cycle Shift-Dir - straight line, f/p - orc priest
Aim: an orc priest, wielding a +0 mace of holy wrath (severely wounded, 68% to hit)
You shoot an arrow. The arrow hits the orc priest.
The orc priest is almost dead.
The orc priest misses you.
Fire: o) +0 orcbow
Press: ? - help, Q - select action, (/) - cycle Shift-Dir - straight line, f/p - orc priest
Aim: an orc priest, wielding a +0 mace of holy wrath (almost dead, 68% to hit)
You shoot an arrow.
The arrow barely misses the orc priest. x2
The arrow closely misses the orc priest.
The orc priest begins to cast a cantrip, but forgets the words!
Fire: o) +0 orcbow
Press: ? - help, Q - select action, (/) - cycle Shift-Dir - straight line, f/p - orc priest
Aim: an orc priest, wielding a +0 mace of holy wrath (almost dead, 68% to hit)
You shoot an arrow. The arrow barely misses the orc priest.
The arrow hits the orc priest!
The orc priest is severely wounded.
The orc priest barely misses you.
Fire: o) +0 orcbow
Press: ? - help, Q - select action, (/) - cycle Shift-Dir - straight line, f/p - orc priest
Aim: an orc priest, wielding a +0 mace of holy wrath (almost dead, 68% to hit)
You shoot an arrow.
The arrow closely misses the orc priest.
The arrow hits the orc priest.
You kill the orc priest!
Okawaru accepts your kill. The orc priest completely misses you.
Fire: o) +0 orcbow
Press: ? - help, Q - select action, (/) - cycle Shift-Dir - straight line, f/p - orc priest
Aim: an orc priest, wielding a +0 mace of holy wrath (almost dead, 68% to hit)
You shoot an arrow. The arrow barely misses the orc priest.
The arrow hits the orc priest but does no damage.
The orc priest calls down the wrath of Beogh upon you.
You easily resist.
The orc priest calls down the wrath of Beogh upon you.
Beogh smites you!
You die...

....................
...................
.##........##....#
##........###'###
#.........#...... ## ###
#.........#...... 8 ##8###.##
##........##....#
..#...#...######........##....#
...........)ooh...............#
o..o........###...............#
...o.o.....## ##....##.........
...#.o.## ######..........
##8## #...##....# ###
##..####### .... #....# ####


You could see 2 orc priests.

Vanquished Creatures
  A two-headed ogre (D:9)
  An elephant (D:8)
  Joseph (D:8)
  Maggie (D:7)
  2 komodo dragons (D:8)
  A troll (D:10)
  2 hornets
  13 yaks
  A wraith (D:9)
  A steam dragon (D:8)
  An acid dragon (D:10)
  2 water moccasins (D:7)
  6 orc warriors
  4 sky beasts
  2 black bears
  3 centaurs
  A kobold brigand (D:6)
  A phantom (D:7)
  5 bullfrogs
  3 gnoll sergeants
  A scorpion (D:4)
  8 wights
  17 killer bees
  8 howler monkeys
  A bombardier beetle (D:5)
  A jelly (D:5)
  A lava snake (D:9)
  5 orc priests
  Crazy Yiuf (D:7)
  2 sleepcaps
  4 iguanas
  10 orc wizards
  7 adders
  14 gnolls
  A shadow imp (D:4)
  2 ufetubi (D:7)
  4 dart slugs
  2 ribbon worms
  29 orcs
  A ball python (D:2)
  7 endoplasms
  2 giant cockroaches (D:1)
  7 goblins
  8 hobgoblins
  A quokka (D:3)
  6 bats
  3 frilled lizards
  8 kobolds
  4 rats
217 creatures vanquished.

Notes
Turn   | Place    | Note
-------+----------+-------------------------------------------
     0 | D:1      | jasper the Spriggan Shapeshifter began the quest for the
                  | Orb.
     0 | D:1      | Reached XP level 1. HP: 9/9 MP: 2/2
   220 | D:1      | Reached XP level 2. HP: 14/14 MP: 3/3
   289 | D:1      | Reached skill level 5 in Shapeshifting
   834 | D:2      | Reached XP level 3. HP: 17/17 MP: 4/4
  1042 | D:2      | You fall into a shaft and drop 1 floor!
  1154 | D:2      | Found an iron altar of Okawaru.
  1161 | D:2      | Became a worshipper of Warmaster Okawaru
  1897 | D:3      | Noticed a black bear
  1971 | D:3      | Killed a black bear
  1971 | D:3      | Reached * piety under Okawaru
  1972 | D:3      | Reached skill level 1 in Ranged Weapons
  1972 | D:3      | Reached XP level 4. HP: 21/21 MP: 5/5
  1972 | D:3      | Reached XP level 5. HP: 25/25 MP: 6/6
  2143 | D:3      | Found Kaecy's Magic Scroll Shop.
  2146 | D:3      | Bought a scroll of blinking for 97 gold pieces
  2146 | D:3      | Bought a scroll of teleportation for 39 gold pieces
  2146 | D:3      | Bought a scroll of teleportation for 39 gold pieces
  2208 | D:4      | Found Hausahal's Antique Weapon Shoppe.
  2208 | D:4      | Found Ohygiwn's Book Shoppe.
  2208 | D:4      | Found Jougafust's Book Shoppe.
  2440 | D:4      | Reached skill level 1 in Fighting
  2440 | D:4      | Reached skill level 1 in Stealth
  2524 | D:4      | Found a staircase to the Ecumenical Temple.
  3005 | Temple   | Entered the Ecumenical Temple
  3041 | D:5      | Entered Level 5 of the Dungeon
  3138 | D:5      | Reached skill level 1 in Invocations
  3138 | D:5      | Reached XP level 6. HP: 19/30 MP: 7/7
  3297 | D:4      | Reached ** piety under Okawaru
  3483 | D:6      | Noticed a hornet
  3498 | D:6      | Killed a hornet
  3499 | D:6      | Reached XP level 7. HP: 35/35 MP: 7/9
  3522 | D:6      | Got the Codex of Doomed Hail
  3657 | D:6      | Noticed a wraith
  3886 | D:6      | Reached skill level 5 in Dodging
  4091 | D:6      | Reached XP level 8. HP: 27/39 MP: 10/10
  4526 | D:8      | Noticed a komodo dragon
  4567 | D:8      | Reached skill level 5 in Ranged Weapons
  4567 | D:8      | Reached skill level 5 in Stealth
  4832 | D:8      | Reached *** piety under Okawaru
  4842 | D:8      | Noticed Joseph
  4851 | D:8      | Killed Joseph
  4852 | D:8      | Reached XP level 9. HP: 45/45 MP: 8/11
  4996 | D:8      | Noticed a komodo dragon
  5027 | D:8      | Killed a komodo dragon
  5027 | D:8      | Reached **** piety under Okawaru
  5140 | D:8      | Killed a komodo dragon
  5278 | D:8      | Noticed an elephant
  5289 | D:8      | Found a staircase to the Lair.
  5352 | D:8      | Reached ***** piety under Okawaru
  5495 | D:8      | Found an opulent altar of Gozag.
  5495 | D:8      | Found a bloodstained altar of Trog.
  5664 | D:8      | Killed an elephant
  5665 | D:8      | Reached skill level 5 in Fighting
  5665 | D:8      | Reached XP level 10. HP: 51/51 MP: 12/12
  5792 | D:9      | Found Kerha's Book Boutique.
  6764 | D:9      | Noticed a two-headed ogre
  6853 | D:9      | Killed a two-headed ogre
  6854 | D:9      | Reached skill level 10 in Ranged Weapons
  7106 | D:7      | Noticed Maggie
  7115 | D:7      | Killed Maggie
  7475 | D:7      | Reached skill level 10 in Dodging
  7476 | D:7      | Reached XP level 11. HP: 56/56 MP: 15/15
  7594 | D:7      | Found a runed translucent door.
  7595 | D:7      | Noticed Crazy Yiuf
  7969 | D:7      | Killed Crazy Yiuf
  8040 | Lair:1   | Entered Level 1 of the Lair of Beasts
  8105 | D:10     | Entered Level 10 of the Dungeon
  8650 | D:10     | Reached skill level 5 in Invocations
  8691 | D:10     | Killed from afar by an orc priest

Illustrated notes

Levels and vault maps discovered:
D:1:      dpeg_arrival_water_fire, layout_basic, minmay_gold_behind_fungi,
          kennysheep_flooded_box
D:2:      layout_rooms, basic_altar, kennysheep_generic_room_15
D:3:      layout_loops_ring, serial_shops, nicolae_shop_rolled_up
D:4:      layout_loops_ring, minmay_temple_entry_purple_smoke,
          nicolae_shop_distant_corner_stores,
          minmay_a_box_with_orc_wizards_in_it
D:5:      layout_basic, serial_shops, kennysheep_mini
D:6:      layout_basic
D:7:      layout_loops_cross, grunt_ministairs_15, uniq_maggie,
          uniq_crazy_yiuf_cottage
D:8:      layout_loops_cross, gammafunk_temple_overflow_elements,
          grunt_lair_entry_orc_guard_hut, uniq_joseph
D:9:      layout_basic, serial_shops, nicolae_inconvenience_store
D:10:     layout_gridville, overflow_temple_1_default, david_orc_4,
          serial_rivers, chequers_serial_rivers_room_b,
          chequers_serial_rivers_small_b, chequers_serial_rivers_micro_d,
          chequers_serial_rivers_micro_e, biasface_ghost_orc_armoury,
          minivault_23
Temple:   compressed_dpeg_triangle_lava_temple
Lair:1:   layout_misc_corridors, grunt_forest_large_clearings, uniq_nergalle

Skill      XL: |  1  2  3  4  5  6  7  8  9 10 11 |
---------------+----------------------------------+-----
Shapeshifting  | 5 7 |  7.0
Ranged Weapons | 1 2 3 4 6 8 10 | 10.9
Fighting       | 1 2 3 5 6 |  6.4
Dodging        | 3 4 5 6 8 10 | 10.4
Stealth        | 1 3 4 6 8 |  8.0
Invocations    | 1 2 4 5 |  5.1
Unarmed Combat | |  2.4

Action                     |  1- 3 |  4- 6 |  7- 9 | 10-12 || total
---------------------------+-------+-------+-------+-------++-------
  Melee: Unarmed           |    77 |       |       |       ||    77
         Orcbow            |       |       |     1 |       ||     1
   Fire: Sling             |    73 |   105 |     8 |       ||   186
         Orcbow            |       |       |   250 |   410 ||   660
  Throw: Stone             |     3 |       |       |       ||     3
 Invoke: Heroism           |       |     2 |     5 |     8 ||    15
  Evoke: Wand              |       |     6 |       |       ||     6
    Use: Scroll            |     4 |     9 |     3 |     2 ||    18
         Potion            |       |       |     2 |       ||     2
 Armour: Animal skin       |    31 |     9 |    40 |    23 ||   103
         Skin              |       |       |     4 |       ||     4
         Steam dragon scal |       |       |       |    29 ||    29
  Dodge: Dodged            |    67 |    35 |   100 |   180 ||   382
  Block: Buckler           |    31 |    16 |     2 |       ||    49

Table legend: (Time is in decaauts)
 A = Elapsed time spent in this place.
 B = Non-inter-level travel time spent in this place.
 C = Inter-level travel time spent in this place.
 D = Time resting spent in this place.
 E = Time spent auto-exploring this place.
 F = Levels seen in this place.
 G = Mean time per level.
                   A        B        C        D        E       F      G
               +--------+--------+--------+--------+--------+-----+--------+
         Total |   6365 |   6045 |    320 |    316 |   3991 |  12 |  530.4 |
       Dungeon |   6361 |   6041 |    320 |    316 |   3991 |  10 |  636.1 |
        Temple |      1 |      1 |      0 |      0 |      0 |   1 |    1.0 |
          Lair |      1 |      1 |      0 |      0 |      0 |   1 |    1.0 |
               +--------+--------+--------+--------+--------+-----+--------+

Top non-repeatable levels by time:
     D:9: 1045 daAuts
     D:8: 945 daAuts
     D:6: 797 daAuts
     D:3: 660 daAuts
     D:7: 657 daAuts
     D:4: 653 daAuts
     D:1: 527 daAuts
    D:10: 478 daAuts
     D:2: 326 daAuts
     D:5: 270 daAuts
  Temple: 1 daAuts
  Lair:1: 1 daAuts
